 Dungeon Crawl Stone Soup version 0.21.0-25-ge575cb9 (webtiles) character file.

75 Monsterracer the Slasher (level 4, -7/37 HPs)
             Began as a Minotaur Gladiator on Jan 24, 2018.
             Killed by divine providence
             ... invoked by an orc priest
              (13 damage)
             ... on level 3 of the Dungeon.
             The game lasted 00:05:57 (3290 turns).

Monsterracer the Slasher (Minotaur Gladiator)       Turns: 3290, Time: 00:05:58

Health: -7/37      AC:  3    Str: 18    XL:     4   Next: 11%
Magic:  3/3        EV: 13    Int:  5    God:
Gold:   89         SH:  0    Dex: 13    Spells: 3/3 levels left

rFire    . . .     SeeInvis .   a - +0 long sword {!a}
rCold    . . .     Gourm    .   (no shield)
rNeg     . . .     Faith    .   b - +0 leather armour
rPois    .         Spirit   .   f - +0 hat
rElec    .         Reflect  .   (no cloak)
rCorr    .         Harm     .   (no gloves)
MR       .....                  (no boots)
Stlth    +.........             (no amulet)
HPRegen  0.12/turn              (no ring)
MPRegen  0.08/turn              (no ring)

@: slowed, very slow
A: retaliatory headbutt, horns 2
a: no special abilities


You were on level 3 of the Dungeon.
You were not hungry.

You visited 1 branch of the dungeon, and saw 4 of its levels.

You collected 89 gold pieces.

Inventory:

Hand Weapons
 a - a +0 long sword (weapon) {!a}
Missiles
 d - 3 throwing nets (quivered)
Armour
 b - a +0 leather armour (worn)
 f - a +0 hat (worn)
Scrolls
 h - 2 scrolls of identify {unknown}
 j - a scroll of noise {unknown}
 k - a scroll of teleportation {unknown}
 l - a scroll of random uselessness {unknown}
Potions
 e - 2 potions of mutation {unknown}
 g - 2 potions of might {unknown}
 m - a potion of curing {unknown}
 n - a potion of cancellation {unknown}
Comestibles
 c - 5 rations


   Skills:
 - Level 2.4 Fighting
 * Level 5.4 Long Blades
 - Level 2.0 Throwing
 + Level 4.1 Dodging


You had 3 spell levels left.
You didn't know any spells.

Dungeon Overview and Level Annotations

Branches:
Dungeon (4/15)
 Temple: D:4-7

Altars:
Okawaru

Annotations:
D:2 Sigmund
D:3 exclusion: 2 downstairs
D:4 Grinder


Innate Abilities, Weirdness & Mutations

You reflexively headbutt those who attack you in melee.
You have a pair of horns on your head.


Message History

* * * LOW HITPOINT WARNING * * *
You take 2 damage, and have 16/37 hp.
The jackal misses you.
The jackal bites you but does no damage.
The jackal bites you.
* * * LOW HITPOINT WARNING * * *
You take 1 damage, and have 16/37 hp.
The jackal closely misses you.
The jackal bites you but does no damage.
The jackal completely misses you. The jackal misses you.
The jackal closely misses you.
You riposte.
You barely miss the jackal. Your headbutt misses the jackal.
The jackal is almost dead.
The jackal closely misses you. The jackal barely misses you. x2
The jackal closely misses you. You furiously retaliate!
You headbutt the jackal!
You kill the jackal!
The jackal bites you but does no damage.
The jackal closely misses you.
You riposte.
You barely miss the jackal. The jackal misses you.
The jackal closely misses you. The jackal barely misses you.
You furiously retaliate!
You headbutt the jackal, but do no damage.
The jackal barely misses you.
You riposte.
You hit the jackal.
You kill the jackal!
The jackal bites you.
* * * LOW HITPOINT WARNING * * *
You take 1 damage, and have 17/37 hp.
The jackal misses you. The jackal barely misses you.
The jackal closely misses you.
You riposte.
You slash the jackal!
You kill the jackal!
The hobgoblin hits you with a club.
* * * LOW HITPOINT WARNING * * *
You take 3 damage, and have 14/37 hp.
The hobgoblin hits you with a club.
* * * LOW HITPOINT WARNING * * *
You take 2 damage, and have 12/37 hp.
The hobgoblin closely misses you.
You riposte.
You slash the hobgoblin!
You kill the hobgoblin!
Unknown command.
You start resting.
You are feeling hungry.
You regained 2 hp, and now have 15/37 hp.
Items here: ) ††† a club; a hobgoblin corpse; a jackal corpse x2
You butcher the jackal corpse.
i - 3 chunks of flesh
Things that are here:
a club; a hobgoblin corpse; a jackal corpse You start resting.
Eating one of 3 chunks of flesh.
You eat one of the 3 chunks of flesh.
This raw flesh tastes terrible.
HP restored.
Health restored: 37 All of the chunks of flesh in your inventory have rotted away.
There is a stone staircase leading down here.
You climb downwards.
Level annotation: Grinder
There is a stone staircase leading up here.
An orc priest and an orc wizard come into view.
There is a stone staircase leading up here.
You start waiting.
You start waiting.
The orc priest hits you with a short sword.
There is a stone staircase leading up here.
You take 6 damage, and have 31/37 hp.
The orc priest hits you with a short sword.
The orc wizard points at you and mumbles some strange words.
You feel yourself slow down.
You take 4 damage, and have 27/37 hp.
The orc priest hits you with a short sword.
You climb upwards.
Level annotation: exclusion: 2 downstairs
There is a stone staircase leading down here.
You take 4 damage, and have 23/37 hp.
The orc priest hits you with a short sword.
The orc priest closely misses you.
You take 3 damage, and have 20/37 hp.
The orc priest barely misses you. You furiously retaliate!
You headbutt the orc priest.
There is a stone staircase leading down here.
The orc priest barely misses you. You furiously retaliate!
You headbutt the orc priest!
The orc priest hits you with a short sword.
* * * LOW HITPOINT WARNING * * *
You take 4 damage, and have 17/37 hp.
Unknown command.
Unknown command.
The orc priest invokes the aid of Beogh against you.
You barely resist.
There is a stone staircase leading down here.
Unknown command.
Unknown command.
The orc priest hits you with a short sword.
* * * LOW HITPOINT WARNING * * *
The orc priest hits you with a short sword.
* * * LOW HITPOINT WARNING * * *
You take 11 damage, and have 6/37 hp.
MASSIVE DAMAGE!!
The orc priest mumbles some strange prayers to Beogh against you.
Beogh smites you!
You die...

##### ...#
#########.########
#@...............g
#o#####.#.########
#.# #.#)# #.h..
#.# #.#.# #.##.
#.# #.#.####.##.
#.# #.#....h.##.
#.# #.##########
#.# ... .....
#####


You could see an orc priest.

Vanquished Creatures
  A gnoll (D:1)
  An adder (D:3)
  2 dart slugs
  A leopard gecko (D:1)
  An orc (D:3)
  6 bats
  A giant cockroach (D:3)
  8 goblins
  5 hobgoblins
  4 jackals (D:3)
  2 quokkas (D:3)
  2 ball pythons
  4 frilled lizards
  3 kobolds (D:1)
  10 rats
51 creatures vanquished.

Notes
Turn   | Place    | Note
-------+----------+-------------------------------------------
     0 | D:1      | Monsterracer the Minotaur Gladiator began the quest for the Orb.
     0 | D:1      | Reached XP level 1. HP: 18/18 MP: 0/0
   130 | D:1      | Reached skill level 4 in Long Blades
   196 | D:1      | Reached XP level 2. HP: 25/25 MP: 1/1
   395 | D:1      | HP: 11/25 [hobgoblin (3)]
  1869 | D:1      | Reached XP level 3. HP: 30/30 MP: 2/2
  2263 | D:2      | Found an iron altar of Okawaru.
  2336 | D:2      | Noticed Sigmund
  2398 | D:3      | Reached skill level 5 in Long Blades
  2711 | D:4      | Noticed an ogre
  2742 | D:4      | Noticed Grinder
  2742 | D:4      | Paralysed by Grinder for 4 turns
  2909 | D:3      | Reached XP level 4. HP: 34/37 MP: 3/3
  3011 | D:3      | HP: 17/37 [jackal (2)]
  3024 | D:3      | HP: 16/37 [jackal (2)]
  3035 | D:3      | HP: 16/37 [jackal (1)]
  3050 | D:3      | HP: 17/37 [jackal (1)]
  3287 | D:3      | HP: 17/37 [orc priest/short sword (4)]
  3289 | D:3      | HP: 6/37 [orc priest/short sword (6)]
  3290 | D:3      | Killed from afar by an orc priest

Skill      XL: |  1  2  3 |
---------------+----------+-----
Long Blades    | 4 5 |  5.4
Dodging        | 4 |  4.1
Fighting       | |  2.4
Throwing       | |  2.0

Action                   |  1- 3 |  4- 6 || total
-------------------------+-------+-------++-------
Melee: Headbutt          |     7 |     1 ||     8
  Eat: Chunk             |     6 |     1 ||     7
Armor: Leather armour    |    33 |    12 ||    45
Dodge: Dodged            |   136 |    35 ||   171
       Rpst.: Long sword |    37 |     7 ||    44

Vault maps used:
D:1:      minmay_arrival_solitary_statue, minivault_26, serial_bayou_crossing
D:2:      lemuel_crystal_altar, minmay_split_cup_large, uniq_robin, uniq_sigmund
D:4:      temple_statues, first_ration, uniq_grinder, uniq_menkaure, uniq_pikel
